 Dungeon Crawl Stone Soup version 0.22.0-38-g04b72b8 (webtiles) character file.

2911 nicolaieve the Basher (level 9, -1/79 HPs)
             Began as a Minotaur Berserker on Aug 27, 2018.
             Was an Elder of Trog.
             Slain by an orc warrior
             ... wielding a +0 short sword
              (4 damage)
             ... on level 10 of the Dungeon.
             The game lasted 00:27:30 (5635 turns).

nicolaieve the Basher (Minotaur Berserker)          Turns: 5635, Time: 00:27:31

Health: -1/79      AC: 16    Str: 22    XL:     9   Next: 49%
Magic:  8/8        EV: 11    Int:  4    God:    Trog [****..]
Gold:   388        SH:  0    Dex: 13    Spells: 8/8 levels left

rFire    + . .     SeeInvis .   l - +0 whip
rCold    . . .     Gourm    .   (no shield)
rNeg     . . .     Faith    .   t - +0 scale mail (curse)
rPois    .         Spirit   .   (helmet restricted)
rElec    .         Reflect  .   C - +0 cloak
rCorr    .         Harm     .   (no gloves)
MR       .....                  z - +0 pair of boots
Stlth    ..........             y - amulet of regeneration
HPRegen  0.63/turn              k - +5 ring of protection
MPRegen  0.11/turn              B - ring of protection from fire

@: berserk cooldown, slowed, very slow
A: retaliatory headbutt, horns 2
a: Berserk, Trog's Hand, Brothers in Arms, Renounce Religion


You were on level 10 of the Dungeon.
You worshipped Trog.
Trog was greatly pleased with you.
You were very hungry.

You visited 1 branch of the dungeon, and saw 9 of its levels.

You collected 388 gold pieces.

Inventory:

Hand Weapons
 l - a +0 whip (weapon)
Armour
 t - a cursed +0 scale mail (worn)
 w - a +0 chain mail
 z - a +0 pair of boots (worn)
 C - a +0 cloak (worn)
Jewellery
 k - a +5 ring of protection (left hand)
 y - an amulet of regeneration (around neck)
 A - an uncursed amulet of magic regeneration {unknown}
 B - a ring of protection from fire (right hand)
Wands
 o - a wand of flame (45)
 u - a wand of enslavement (14)
 D - a wand of acid (5)
 F - a wand of polymorph (11)
Scrolls
 a - 2 scrolls of remove curse
 b - 2 scrolls of fear
 e - 4 scrolls of teleportation {unknown}
 g - 2 scrolls of enchant weapon {unknown}
 h - a scroll of magic mapping {unknown}
 i - 3 scrolls of enchant armour {unknown}
 p - 3 scrolls of immolation {unknown}
 q - a scroll of blinking {unknown}
 E - a scroll of amnesia {unknown}
Potions
 d - 4 potions of mutation
 f - a potion of might {unknown}
 j - 4 potions of curing
 m - 3 potions of lignification
 n - a potion of flight
 r - 2 potions of heal wounds
 s - 2 potions of ambrosia
 v - a potion of haste
 x - 2 potions of agility
 G - a potion of resistance
Comestibles
 c - 12 rations


   Skills:
 + Level 7.3 Fighting
 - Level 12.0 Maces & Flails
 + Level 8.8 Armour
 - Level 2.2 Dodging


You had 8 spell levels left.
You didn't know any spells.
Your spell library was empty.

Dungeon Overview and Level Annotations

Branches:
Dungeon (10/15)            Temple (0/1) D:5             Orc (0/2) D:10
   Lair: D:8-11

Altars:
Cheibriados
Dithmenos
Fedhas
Gozag
Qazlal
Trog
Vehumet
Wu Jian
Yredelemnul
Zin

Shops:
D:10 [(

Annotations:
D:9 exclusion: statue


Innate Abilities, Weirdness & Mutations

You reflexively headbutt those who attack you in melee.
You have a pair of horns on your head.


Message History

The orc warrior is severely wounded.
The orc warrior misses you.
You barely miss the orc warrior.
You headbutt the orc warrior, but do no damage.
The orc warrior is severely wounded.
You are no longer berserk.
You are exhausted.
You feel yourself slow down.
The orc warrior hits you but does no damage.
The orc warrior barely misses you.
The orc warrior hits you with a short sword!
* * * LOW HITPOINT WARNING * * *
You see here a tomahawk.
The orc warrior barely misses you.
The orc warrior hits you with a war axe!
* * * LOW HITPOINT WARNING * * *
The orc warrior hits you from afar with a halberd.
* * * LOW HITPOINT WARNING * * *
The orc warrior hits you with a short sword.
You die...

##...∩.>$∩
#.........
#....$....
#.........
..####..)...#
#.....)o)...#
######.(....#
##o##### #.@###
##...### ###...#
#####'###
#.......#
#####.#.#
#..<#.#.#
.#######.#.###.#
.......'.#...#.#


You could see 2 orc warriors.

Vanquished Creatures
  Grinder (D:3)
  A wyvern (D:9)
  A hungry ghost (D:9)
  Edmund (D:6)
  A black bear (D:6)
  A phantom (D:5)
  4 orc warriors
  An ogre (D:2)
  A centaur (D:5)
  3 bullfrogs
  2 scorpions (D:4)
  4 electric eels (D:6)
  3 howler monkeys (D:9)
  A crimson imp (D:9)
  3 orc priests
  4 hounds
  A jelly (D:9)
  4 iguanas
  3 orc wizards (D:6)
  5 worker ants
  Natasha (thrice) (D:3)
  A killer bee zombie (D:9)
  8 gnolls
  20 adders
  A shadow imp (D:5)
  An ooze (D:3)
  An adder skeleton (D:4)
  3 worms
  3 dart slugs
  3 leopard geckos
  15 orcs
  5 ball pythons
  5 giant cockroaches
  13 goblins
  11 hobgoblins
  3 jackals (D:1)
  2 quokkas
  8 bats
  10 frilled lizards
  A jackal skeleton (D:9)
  12 kobolds
  9 rats
  A plant (D:6)
184 creatures vanquished.

Vanquished Creatures (others)
  5 fungi (D:10)
  4 plants (D:10)
9 creatures vanquished.

Grand Total: 193 creatures vanquished

Notes
Turn   | Place    | Note
-------+----------+-------------------------------------------
     0 | D:1      | nicolaieve the Minotaur Berserker began the quest for the Orb.
     0 | D:1      | Reached XP level 1. HP: 19/19 MP: 0/0
   147 | D:1      | Reached skill level 4 in Maces & Flails
   147 | D:1      | Reached XP level 2. HP: 19/27 MP: 1/1
   484 | D:1      | Reached XP level 3. HP: 28/33 MP: 2/2
   614 | D:1      | Reached skill level 5 in Maces & Flails
   831 | D:2      | Reached XP level 4. HP: 40/40 MP: 3/3
   839 | D:2      | Reached skill level 6 in Maces & Flails
   930 | D:2      | Found a snail-covered altar of Cheibriados.
   957 | D:2      | Found a faded altar of an unknown god.
   967 | D:2      | Reached ** piety under Trog
   968 | D:2      | Noticed an ogre
   976 | D:2      | Killed an ogre
   976 | D:2      | Reached skill level 7 in Maces & Flails
   976 | D:2      | Reached XP level 5. HP: 44/46 MP: 4/4
  1069 | D:2      | Found a shadowy altar of Dithmenos.
  1325 | D:2      | Found a stormy altar of Qazlal.
  1478 | D:2      | Found a bloodstained altar of Trog.
  1822 | D:3      | Noticed Natasha
  1830 | D:3      | Killed Natasha
  1830 | D:3      | Reached XP level 6. HP: 45/52 MP: 5/5
  1883 | D:3      | Reached skill level 8 in Maces & Flails
  1894 | D:3      | Noticed Natasha
  1900 | D:3      | Killed Natasha
  1917 | D:3      | Noticed Natasha
  1927 | D:3      | Killed Natasha
  2055 | D:3      | Noticed Grinder
  2073 | D:3      | Killed Grinder
  2073 | D:3      | Reached skill level 9 in Maces & Flails
  2129 | D:3      | Reached XP level 7. HP: 52/58 MP: 6/6
  2423 | D:4      | Reached *** piety under Trog
  2448 | D:4      | Reached skill level 10 in Maces & Flails
  3065 | D:4      | Found a basalt altar of Yredelemnul.
  3066 | D:4      | Found a glowing silver altar of Zin.
  3244 | D:5      | Entered Level 5 of the Dungeon
  3259 | D:5      | Found a staircase to the Ecumenical Temple.
  3313 | D:5      | Reached skill level 11 in Maces & Flails
  3324 | D:5      | Found an opulent altar of Gozag.
  3478 | D:5      | Reached XP level 8. HP: 66/66 MP: 7/7
  3958 | D:5      | Found a bloodstained altar of Trog.
  4017 | D:6      | Found a transporter.
  4047 | D:6      | Reached skill level 12 in Maces & Flails
  4098 | D:6      | Found a blossoming altar of Fedhas.
  4170 | D:6      | Reached **** piety under Trog
  4210 | D:6      | Noticed Edmund
  4227 | D:6      | Killed Edmund
  4227 | D:6      | Reached skill level 5 in Fighting
  4227 | D:6      | Reached skill level 5 in Armour
  4483 | D:6      | Found a transporter.
  4865 | D:7      | Reached XP level 9. HP: 64/75 MP: 8/8
  4871 | D:7      | You fall through a shaft for 2 floors!
  5171 | D:9      | Found a radiant altar of Vehumet.
  5313 | D:9      | Found an ornate altar of the Wu Jian Council.
  5557 | D:10     | Entered Level 10 of the Dungeon
  5592 | D:10     | Found Vahez's Armour Emporium.
  5592 | D:10     | Found a staircase to the Orcish Mines.
  5592 | D:10     | Found Ziggo's Weapon Emporium.
  5634 | D:10     | HP: 2/79 [orc warrior/halberd (6)]
  5635 | D:10     | Slain by an orc warrior

Skill      XL: |  1  2  3  4  5  6  7  8  9 |
---------------+----------------------------+-----
Maces & Flails | 4 5 7 9 11 12 | 12.0
Fighting       | 4 5 7 |  7.3
Armour         | 3 6 8 |  8.8
Dodging        | |  2.2

Action                   |  1- 3 |  4- 6 |  7- 9 || total
-------------------------+-------+-------+-------++-------
Melee: Mace              |    62 |     8 |       ||    70
       Headbutt          |     7 |    23 |   111 ||   141
       Whip              |       |   118 |   444 ||   562
Invok: Berserk           |     2 |     2 |     7 ||    11
       Trog's Hand       |       |     1 |     3 ||     4
  Use: Scroll            |       |       |    12 ||    12
       Potion            |       |       |     1 ||     1
 Stab: Sleeping          |     2 |       |       ||     2
  Eat: Chunk             |     2 |     6 |    14 ||    22
       Ration            |       |       |     1 ||     1
Armor: Animal skin       |    10 |     3 |       ||    13
       Ring mail         |       |    32 |       ||    32
       Scale mail        |       |     7 |   147 ||   154
Dodge: Dodged            |    39 |    81 |   136 ||   256
